 Dungeon Crawl Stone Soup version 0.23.2-33-g5129a83 (webtiles) character file.

Game seed: 2746773811721975782

5987 Dharzhak the Protected (level 10, -8/88 HPs)
             Began as a Minotaur Abyssal Knight on July 24, 2019.
             Was an Elder of Lugonu.
             Mangled by a death yak (19 damage)
             ... on level 8 of the Dungeon on July 27, 2019.
             The game lasted 00:30:38 (7993 turns).

Dharzhak the Protected (Minotaur Abyssal Knight)    Turns: 7993, Time: 00:30:38

Health: -8/88      AC: 14    Str: 20    XL:     10   Next: 55%
Magic:  0/22       EV:  9    Int:  9    God:    Lugonu [****..]
Gold:   194        SH:  7    Dex: 17    Spells: 9/9 levels left

rFire    . . .     SeeInvis .   C - +6 mace "Lexkiud" {chaos, MP+9 Dex+2}
rCold    . . .     Gourm    .   K - +2 buckler
rNeg     . . .     Faith    .   O - +0 plate armour
rPois    +         Spirit   +   (helmet restricted)
rElec    .         Reflect  .   b - scarf {Spirit}
rCorr    .         Harm     .   (no gloves)
MR       .....                  (no boots)
Stlth    ..........             l - amulet of regeneration
HPRegen  0.64/turn              R - +5 ring of dexterity
MPRegen  0.18/turn              z - ring of poison resistance

@: no status effects
A: retaliatory headbutt, horns 2
a: Depart the Abyss, Bend Space, Banish, Corrupt, Renounce Religion


You were on level 8 of the Dungeon.
You worshipped Lugonu.
Lugonu was greatly pleased with you.
You were not hungry.

You visited 1 branch of the dungeon, and saw 9 of its levels.
You visited the Abyss 1 time.

You collected 375 gold pieces.
You spent 181 gold pieces at shops.

Inventory:

Hand Weapons
 a - a +1 falchion
 v - a +0 war axe
 C - the +6 mace "Lexkiud" (weapon) {chaos, MP+9 Dex+2}
   (You found it on level 4 of the Dungeon)

   Each time it hits an enemy it has a different, random effect.
   It affects your dexterity (+2).
   It affects your magic capacity (+9).
 I - a +0 long sword
Missiles
 o - 12 tomahawks (quivered)
Armour
 b - a scarf of spirit shield (worn)
 K - a +2 buckler (worn)
 O - a +0 plate armour (worn)
Jewellery
 l - an amulet of regeneration (around neck)
 u - an uncursed amulet of the acrobat
 z - a ring of poison resistance (right hand)
 Q - an uncursed ring of protection from magic
 R - a +5 ring of dexterity (left hand)
Wands
 w - a wand of disintegration (12)
 F - a wand of clouds (6)
 L - a wand of digging (3)
 M - a wand of paralysis (9)
 N - a wand of flame (21)
Scrolls
 f - a scroll of enchant armour {unknown}
 i - 2 scrolls of random uselessness {unknown}
 j - a scroll of magic mapping
 n - a scroll of fog {unknown}
 p - 11 scrolls of remove curse
 t - 7 scrolls of teleportation
 x - a scroll of immolation {unknown}
 y - a scroll of enchant weapon {unknown}
 A - 3 scrolls of fear {unknown}
 B - a scroll of amnesia {unknown}
 P - 2 scrolls of identify
Potions
 d - 2 potions of heal wounds
 e - a potion of mutation
 g - 4 potions of curing
 h - a potion of haste
 m - a potion of lignification {unknown}
 q - a potion of cancellation {unknown}
 r - 3 potions of degeneration {unknown}
 s - 2 potions of agility
 E - a potion of brilliance {unknown}
 G - a potion of might {unknown}
 H - 2 potions of flight {unknown}
 J - a potion of magic {unknown}
Comestibles
 c - 14 rations


   Skills:
 * Level 8.1 Fighting
 * Level 7.9 Long Blades
 + Level 5.6 Maces & Flails
 + Level 2.1 Throwing
 * Level 10.2 Armour
 * Level 6.1 Dodging
 + Level 2.9 Stealth
 + Level 2.0 Shields
 * Level 5.9 Invocations


You had 9 spell levels left.
You didn't know any spells.
Your spell library contained the following spells:

 Spells                   Type           Power        Failure   Level  Hunger
 Animate Skeleton         Necr           N/A          100%        1    ##.....
 Apportation              Tloc           #.....       100%        1    ##.....
 Beastly Appendage        Tmut           #.....       100%        1    ##.....
 Confusing Touch          Hex            #.....       100%        1    ##.....
 Pain                     Necr           #...         100%        1    ##.....
 Summon Small Mammal      Summ           #...         100%        1    ##.....
 Sticks to Snakes         Tmut           #.......     100%        2    ###....
 Regeneration             Chrm/Necr      #.........   100%        3    ####...
 Spider Form              Tmut/Pois      #.........   100%        3    ####...
 Vampiric Draining        Necr           #.........   100%        3    ####...
 Animate Dead             Necr           N/A          100%        4    #####..
 Ice Form                 Ice/Tmut       #.......     100%        4    #####..
 Blade Hands              Tmut           #.........   100%        5    ######.


Dungeon Overview and Level Annotations

Branches:
Dungeon (9/15)             Temple (0/1) D:7
   Lair: D:8-11         Orc: D:9-12

Altars:
Fedhas
Hepliaklqana
Makhleb
Nemelex Xobeh
Sif Muna
The Shining One

Shops:
D:6 [   D:8 [


Innate Abilities, Weirdness & Mutations

You reflexively headbutt those who attack you in melee.
You have a pair of horns on your head.


Message History

The black bear rages.
Something gores you. Something gores you but does no damage.
You closely miss something. Something gores you.
You hit something but do no damage. Your headbutt misses something.
Something gores you!
* * * LOW HITPOINT WARNING * * *
Something gores you but does no damage.
You hit something but do no damage.
Nothing appears to happen.
You feel much better. Space bends around you!
You blink.
The black bear rages.
Something gores you!!
* * * LOW HITPOINT WARNING * * *
Something gores you but does no damage.
You hit something but do no damage. Something completely misses you.
Something gores you!
* * * LOW HITPOINT WARNING * * *
You sock something! You freeze something. You headbutt something.
Something gores you!!
You die...

####.############..#.##.
#.........# ####.(.....
#.#..#.##.# #...>[(.#..
#.#....##.# #.##.[.....
#.#.##.##.# ##.##.......
#.#.##.##.# #...........
#..(......###..###......
######.#####.#........#.
#.@{Y.h###.####.##.
#######.#.## ####. ##.##
#. ### #< #. #. #. ##.
#..


You could see a death yak and a black bear.

Vanquished Creatures
  2 death yaks (D:8)
  Pikel (D:5)
  Joseph (D:7)
  A hornet (D:8)
  2 hippogriffs
  A hungry ghost (D:7)
  2 sky beasts
  A slave (D:4)
  2 ice beasts
  An ogre (D:6)
  A phantom (D:6)
  A necrophage (D:8)
  4 centaurs
  A big kobold (D:8)
  A wyvern zombie (D:7)
  8 bullfrogs
  3 scorpions
  3 wights
  6 killer bees
  2 howler monkeys
  A crimson imp (D:7)
  A quasit (D:7)
  A centaur zombie (D:8)
  2 hounds
  A jelly (D:6)
  2 bullfrog skeletons (D:7)
  5 orc priests
  3 iguanas (D:4)
  6 worker ants
  Natasha (D:2)
  8 orc wizards
  A worker ant zombie (D:6)
  3 gnolls (D:2)
  7 adders
  An adder skeleton (D:6)
  A worm (D:2)
  A dart slug (D:3)
  7 leopard geckos
  24 orcs
  2 giant cockroaches
  8 goblins
  6 hobgoblins
  6 jackals
  6 quokkas
  3 ball pythons
  5 bats
  2 frilled lizards (D:2)
  A giant cockroach zombie (D:6)
  12 kobolds
  A leopard gecko skeleton (D:5)
  A quokka zombie (D:5)
  11 rats
184 creatures vanquished.

Vanquished Creatures (others)
  An ogre (D:8)
  4 toadstools (D:1)
5 creatures vanquished.

Grand Total: 189 creatures vanquished

Notes
Turn   | Place    | Note
-------+----------+-------------------------------------------
     0 | Abyss:1  | Dharzhak the Minotaur Abyssal Knight began the quest for
                  | the Orb.
     0 | Abyss:1  | Reached XP level 1. HP: 19/19 MP: 1/1
    55 | D:1      | Escaped the Abyss
   571 | D:1      | Reached XP level 2. HP: 14/27 MP: 2/2
  1277 | D:2      | Noticed Natasha
  1282 | D:2      | Killed Natasha
  1282 | D:2      | Reached XP level 3. HP: 23/34 MP: 3/3
  1641 | D:2      | Reached XP level 4. HP: 41/41 MP: 4/4
  1654 | D:2      | Reached skill level 3 in Armour
  1657 | D:2      | Reached ** piety under Lugonu
  1689 | D:2      | Reached skill level 5 in Fighting
  2633 | D:3      | Reached XP level 5. HP: 48/48 MP: 5/5
  2655 | D:3      | Reached skill level 1 in Stealth
  3055 | D:3      | Found a glowing golden altar of the Shining One.
  3244 | D:4      | Reached XP level 6. HP: 55/56 MP: 4/6
  3518 | D:4      | Reached *** piety under Lugonu
  3563 | D:4      | Got an encrusted mace
  3573 | D:4      | Found a sparkling altar of Nemelex Xobeh.
  3775 | D:4      | Reached skill level 4 in Armour
  3973 | D:4      | Found a deep blue altar of Sif Muna.
  4048 | D:5      | Entered Level 5 of the Dungeon
  4068 | D:5      | Reached XP level 7. HP: 62/62 MP: 8/8
  4107 | D:5      | Found a burning altar of Makhleb.
  4176 | D:5      | Noticed Pikel
  4278 | D:5      | Killed Pikel
  4278 | D:5      | Reached skill level 5 in Long Blades
  4278 | D:5      | Reached skill level 1 in Throwing
  4278 | D:5      | Reached skill level 5 in Armour
  4278 | D:5      | Reached XP level 8. HP: 46/71 MP: 9/9
  4393 | D:5      | Identified the +6 mace "Lexkiud" {chaos, MP+9 Dex+2} (You
                  | found it on level 4 of the Dungeon)
  4468 | D:5      | Found a blossoming altar of Fedhas.
  4549 | D:5      | Found a hazy altar of Hepliaklqana.
  4689 | D:6      | Reached skill level 6 in Armour
  5062 | D:6      | Reached skill level 1 in Maces & Flails
  5248 | D:6      | Reached skill level 7 in Armour
  5294 | D:6      | Found Guepag's Armour Boutique.
  5306 | D:6      | Bought a +2 buckler for 181 gold pieces
  6043 | D:7      | Reached XP level 9. HP: 45/78 MP: 11/11
  6323 | D:7      | Reached skill level 8 in Armour
  6323 | D:7      | Reached skill level 5 in Invocations
  6424 | D:7      | Noticed Joseph
  6451 | D:7      | Killed Joseph
  6598 | D:6      | Reached skill level 5 in Dodging
  6732 | D:7      | Reached **** piety under Lugonu
  6902 | D:7      | Found a staircase to the Ecumenical Temple.
  6989 | D:8      | Found Jalyur's Antique Armour Boutique.
  7002 | D:8      | Paralysed by something for 3 turns
  7007 | D:8      | Reached skill level 1 in Shields
  7230 | D:8      | Reached skill level 9 in Armour
  7230 | D:8      | Reached XP level 10. HP: 64/87 MP: 13/13
  7463 | D:8      | Reached skill level 5 in Maces & Flails
  7860 | D:9      | Noticed a death yak
  7860 | D:9      | Noticed a death yak
  7894 | D:9      | Noticed a death yak
  7894 | D:9      | Noticed a death yak
  7894 | D:9      | Noticed a death yak
  7909 | D:8      | Killed a death yak
  7944 | D:9      | Noticed a death yak
  7944 | D:9      | Noticed a death yak
  7964 | D:8      | Killed a death yak
  7964 | D:8      | Reached skill level 10 in Armour
  7993 | D:8      | Mangled by a death yak

Skill      XL: |  1  2  3  4  5  6  7  8  9 10 |
---------------+-------------------------------+-----
Fighting       | 4 5 6 7 8 |  8.1
Invocations    | 2 3 4 5 |  5.9
Long Blades    | 3 4 5 6 7 |  7.9
Armour         | 3 4 5 7 9 10 | 10.2
Dodging        | 2 3 4 5 6 |  6.1
Stealth        | 1 2 |  2.9
Throwing       | 1 2 |  2.1
Maces & Flails | 2 4 5 |  5.6
Shields        | 1 2 |  2.0

Action                   |  1- 3 |  4- 6 |  7- 9 | 10-12 || total
-------------------------+-------+-------+-------+-------++-------
Melee: Falchion          |    69 |   152 |    20 |       ||   241
       Headbutt          |     7 |    29 |    55 |    26 ||   117
       Long sword        |       |       |    32 |       ||    32
       Mace              |       |       |   200 |   118 ||   318
Throw: Tomahawk          |       |    13 |     9 |    15 ||    37
Invok: Banish            |       |       |     1 |       ||     1
       Bend Space        |       |       |       |     1 ||     1
  Use: Scroll            |       |     2 |     5 |       ||     7
       Potion            |       |       |     5 |     3 ||     8
 Stab: Sleeping          |     1 |     1 |       |       ||     2
       Petrified         |       |       |    10 |       ||    10
       Paralysed         |       |       |     4 |       ||     4
       Petrifying        |       |       |     1 |       ||     1
  Eat: Chunk             |     2 |     8 |     3 |     4 ||    17
       Ration            |       |       |     2 |       ||     2
Armor: Leather armour    |    23 |     6 |       |       ||    29
       Chain mail        |       |   101 |   182 |       ||   283
       Plate armour      |       |       |    29 |    61 ||    90
Dodge: Dodged            |    51 |    64 |   119 |    50 ||   284
Block: Buckler           |       |       |    42 |    31 ||    73
       Rpst.: Falchion   |    11 |    14 |     2 |       ||    27
       Long sword        |       |       |     5 |       ||     5
